 Dungeon Crawl Stone Soup version 0.31-a0-986-g5e6e4ef867 (webtiles) character file.

Game seed: 3182053555940621295

102 porpoise the Vexing (level 4, -4/30 HPs)
             Began as a Demonspawn Enchanter on Nov 9, 2023.
             Slain by a gnoll
             ... wielding a +0 quarterstaff
              (12 damage)
             ... on level 3 of the Dungeon.
             The game lasted 00:11:10 (3129 turns).

porpoise the Vexing (Demonspawn Enchanter)          Turns: 3129, Time: 00:11:11

Health: -4/30      AC:  2    Str:  8    XL:     4   Next: 50%
Magic:  1/8        EV: 12    Int: 18    God:
Gold:   129        SH:  0    Dex: 14    Spells: 3/8 levels left

rFire   . . .        a - +1 dagger
rCold   . . .        (no shield)
rNeg    . . .        b - +0 robe
rPois   .            (helmet restricted)
rElec   .            (no cloak)
rCorr   .            (no gloves)
SInv    .            (no boots)
Will    .....        (no amulet)
Stlth   ++           (no ring)
HPRegen 0.25/turn    (no ring)
MPRegen 0.11/turn

%: no passive effects
@: mighty, very slightly contaminated
A: antennae 1, powered by pain 1
a: no special abilities


You were on level 3 of the Dungeon.
You visited 1 branch of the dungeon, and saw 4 of its levels.

You collected 129 gold pieces.

Inventory:

Hand Weapons
 a - a +1 dagger (weapon)
Missiles
 g - 5 atropa-tipped darts (quivered)
Armour
 b - a +0 robe (worn)
Scrolls
 d - a scroll of identify
 e - 2 scrolls of teleportation {unknown}
 i - a scroll of acquirement {unknown}
 k - a scroll of amnesia {unknown}
 m - a scroll of revelation {unknown}
 n - a scroll of torment {unknown}
Potions
 c - a potion of invisibility
 f - 3 potions of curing
 h - 2 potions of brilliance
 l - a potion of mutation {unknown}


   Skills:
 + Level 2.4 Short Blades
 - Level 1.7 Dodging
 - Level 2.6 Stealth
 + Level 2.9 Spellcasting
 + Level 3.9 Hexes


You had 3 spell levels left.
You knew the following spells:

 Your Spells              Type           Power      Damage    Failure   Level
a - Confusing Touch       Hex            16%        N/A       10%         3
e - Ensorcelled Hibernat  Hex/Ice        18%        N/A       11%         2

Your spell library contained the following spells:

 Spells                   Type           Power      Damage    Failure   Level
 Jinxbite                 Hex            32%        N/A       4%          2
 Tukima's Dance           Hex            16%        N/A       10%         3
 Dazzling Flash           Conj/Hex       18%        N/A       22%         3
 Anguish                  Hex/Necr       4%         N/A       58%         4


Dungeon Overview and Level Annotations

Branches:
Dungeon (4/15)
 Temple: D:4-7

Altars:
Sif Muna


Innate Abilities, Weirdness & Mutations

You have a pair of small antennae on your head.
You sometimes gain a little power by taking damage.


Message History

Casting: Ensorcelled Hibernation (safe; 11% risk of failure)
Confirm with . or Enter, or press ? or * to list all spells.
Aiming: Ensorcelled Hibernation (safe; 11% risk of failure)
Press: ? - help, Shift-Dir - straight line, f/p - gnoll
Aim: a gnoll, wielding a +0 quarterstaff (chance to affect: 51%)
The gnoll resists with significant effort.
The gnoll hits you with a +0 quarterstaff.
Casting: Ensorcelled Hibernation (safe; 11% risk of failure)
Confirm with . or Enter, or press ? or * to list all spells.
Aiming: Ensorcelled Hibernation (safe; 11% risk of failure)
Press: ? - help, Shift-Dir - straight line, f/p - gnoll
Aim: a gnoll, wielding a +0 quarterstaff (chance to affect: 51%)
The gnoll resists with significant effort.
The gnoll barely misses you.
Casting: Ensorcelled Hibernation (safe; 11% risk of failure)
Confirm with . or Enter, or press ? or * to list all spells.
You don't have enough magic to cast this spell.
Unknown command.
Unknown command.
You barely miss the gnoll. The gnoll closely misses you.
The gnoll shouts!
You hit the gnoll.
The gnoll is lightly wounded.
The gnoll barely misses you.
You barely miss the gnoll.
The gnoll is lightly wounded.
The gnoll hits you from afar with a +0 spear.
The gnoll hits you with a +0 quarterstaff!
You focus on the pain.
You feel very mighty all of a sudden.
You hit the gnoll.
The gnoll is heavily wounded.
The gnoll hits you from afar with a +0 spear.
The gnoll hits you with a +0 quarterstaff.
* * * LOW HITPOINT WARNING * * *
You feel mightier all of a sudden.
The gnoll hits you from afar with a +0 spear.
* * * LOW HITPOINT WARNING * * *
The gnoll hits you with a +0 quarterstaff!
You die...

##....#.......#
..
#....#.......#...
#....#.......#...
###..#..._...^..
#..#.g.....#..
#..#.......#.#
#..#.......#.##
#..####.####..#
#...@gg.......#
#...####.##...##
##### #.#.....#
#.##...##
#)#.#.######.#
#............#
###.#.########
###.# #.#


You could see 2 gnolls.

Vanquished Creatures
  A gnoll (D:3)
  2 adders
  2 worms (D:2)
  6 ball pythons
  9 endoplasms
  3 giant cockroaches
  9 goblins
  4 hobgoblins
  6 jackals
  4 quokkas
  2 bats
  6 frilled lizards
  6 kobolds
  4 rats
64 creatures vanquished.

Notes
Turn   | Place    | Note
-------+----------+-------------------------------------------
     0 | D:1      | porpoise the Demonspawn Enchanter began the quest for the
                  | Orb.
     0 | D:1      | Reached XP level 1. HP: 13/13 MP: 3/3
    23 | D:1      | Reached skill level 1 in Short Blades
   109 | D:1      | Gained mutation: You sometimes gain a little power by
                  | taking damage. [demonic ancestry]
   109 | D:1      | Reached XP level 2. HP: 17/19 MP: 5/5
   473 | D:1      | Reached XP level 3. HP: 14/24 MP: 6/6
   615 | D:1      | Learned a level 2 spell: Ensorcelled Hibernation
   619 | D:1      | Learned a level 3 spell: Confusing Touch
  1367 | D:2      | You fall into a shaft and drop 2 floors!
  1645 | D:3      | Gained mutation: You have a pair of small antennae on your
                  | head. [demonic ancestry]
  1645 | D:3      | Reached XP level 4. HP: 30/30 MP: 8/8
  1898 | D:2      | Found a faded altar of an unknown god.
  2794 | D:3      | Found a shimmering blue altar of Sif Muna.
  2820 | D:3      | HP: 1/30 [gnoll/+0 spear (1)]
  3129 | D:3      | Slain by a gnoll

Illustrated notes

Levels and vault maps discovered:
D:1:      wander_arrival_fairy_ring, layout_rooms
D:2:      layout_loops_corners, dreamdust_ecumenical_altar_statues, basic_altar,
          kennysheep_pointless_box
D:3:      layout_loops_corners, lemuel_tele_altar, columned_hall_lemuel
D:4:      layout_loops_ring, hellmonk_ghost_happy_afterlife, sigmund_army,
          uniq_sigmund, uniq_ijyb, uniq_crazy_yiuf_cottage

Skill      XL: |  1  2  3 |
---------------+----------+-----
Short Blades   | 1 2 |  2.4
Dodging        | |  1.7
Stealth        | |  2.6
Spellcasting   | |  2.9
Hexes          | |  3.9

Action                     |  1- 3 |  4- 6 || total
---------------------------+-------+-------++-------
  Melee: Dagger            |   168 |    74 ||   242
         Punch             |     2 |       ||     2
  Throw: Dart              |       |     1 ||     1
   Cast: Ensorcelled Hiber |     3 |     4 ||     7
    Use: Potion            |     1 |     2 ||     3
         Scroll            |     4 |       ||     4
   Stab: Sleeping          |     3 |    11 ||    14
         Invisible         |     1 |       ||     1
         Distracted        |     1 |       ||     1
 Armour: Robe              |    77 |    33 ||   110
  Dodge: Dodged            |   105 |    32 ||   137

Table legend: (Time is in decaauts)
 A = Elapsed time spent in this place.
 B = Non-inter-level travel time spent in this place.
 C = Inter-level travel time spent in this place.
 D = Time resting spent in this place.
 E = Time spent auto-exploring this place.
 F = Levels seen in this place.
 G = Mean time per level.
                   A        B        C        D        E       F      G
               +--------+--------+--------+--------+--------+-----+--------+
         Total |   3109 |   3092 |     17 |    992 |   1433 |   4 |  777.2 |
       Dungeon |   3109 |   3092 |     17 |    992 |   1433 |   4 |  777.2 |
               +--------+--------+--------+--------+--------+-----+--------+

Top non-repeatable levels by time:
     D:2: 1141 daAuts
     D:1: 1034 daAuts
     D:3: 924 daAuts
     D:4: 8 daAuts
